 Dungeon Crawl Stone Soup version 0.29-a0-1027-gcd8c55af63 (webtiles) character file.

Game seed: 2831812385326132628

3173 Hanibal the Covert (level 10, -4/61 HPs)
             Began as a Kobold Artificer on Aug 12, 2022.
             Killed by divine providence
             ... invoked by an orc priest
              (12 damage)
             ... on level 7 of the Dungeon.
             The game lasted 00:19:23 (10307 turns).

Hanibal the Covert (Kobold Artificer)              Turns: 10307, Time: 00:19:24

Health: -4/61      AC: 16    Str: 13    XL:     10   Next: 16%
Magic:  10/10      EV: 18    Int: 12    God:
Gold:   573        SH:  0    Dex: 17    Spells: 9/9 levels left

rFire   . . .      SeeInvis .   l - +2 dagger (protect)
rCold   . . .      Faith    .   (no shield)
rNeg    + . .      Spirit   .   w - +4 leather armour "Tipul" {rPois rN+}
rPois   +          Reflect  .   j - +0 helmet
rElec   .          Harm     .   (no cloak)
rCorr   .          Rampage  .   g - +0 pair of gloves
Will    .....                   (no boots)
Stlth   +++++.....              (no amulet)
HPRegen 0.20/turn               (no ring)
MPRegen 0.12/turn               (no ring)

@: about to teleport, under a protective aura
A: small, no large weapons, nightstalker 3, hooves 1, wild magic 1
a: no special abilities


You were on level 7 of the Dungeon.
You visited 2 branches of the dungeon, and saw 8 of its levels.

You collected 573 gold pieces.

Inventory:

Hand Weapons
 k - a +1 dagger of speed
 l - a +2 dagger of protection (weapon)
 F - a +2 dagger of venom
Missiles
 s - 6 boomerangs
 A - 4 throwing nets
Armour
 b - a +0 leather armour
 g - a +0 pair of gloves (worn)
 j - a +0 helmet (worn)
 q - a +0 ring mail
 w - the +4 leather armour "Tipul" (worn) {rPois rN+}
   (You found it on level 5 of the Dungeon)

   rPois:     It protects you from poison.
   rN:        It protects you from negative energy.
Jewellery
 a - an amulet of reflection
 f - a ring of protection from cold
 t - a ring of wizardry
 v - a ring of wizardry
 y - a ring of wizardry
 C - a ring of see invisible
Wands
 c - a wand of flame (5) (quivered)
 d - a wand of charming (4)
 e - a wand of iceblast (7)
 D - a wand of polymorph (13)
 H - a wand of roots (2)
Scrolls
 h - 2 scrolls of identify
 m - 4 scrolls of enchant weapon
 n - 6 scrolls of teleportation
 o - a scroll of silence {unknown}
 p - a scroll of amnesia {unknown}
 r - a scroll of immolation {unknown}
 x - a scroll of fear {unknown}
 G - a scroll of vulnerability {unknown}
 I - a scroll of fog {unknown}
Potions
 i - a potion of brilliance
 u - 2 potions of haste
 z - a potion of heal wounds
 B - 2 potions of curing
 E - a potion of resistance {unknown}


   Skills:
 + Level 6.5 Fighting
 + Level 7.7 Short Blades
 - Level 2.0 Armour
 + Level 7.5 Dodging
 + Level 8.6 Stealth
 + Level 8.0 Evocations


You had 9 spell levels left.
You didn't know any spells.
Your spell library was empty.

Dungeon Overview and Level Annotations

Branches:
Dungeon (7/15)             Temple (1/1) D:5

Altars:
Ashenzari
Cheibriados
Dithmenos
Gozag
Hepliaklqana
Kikubaaqudgha
Makhleb
Qazlal
Sif Muna
Uskayaw
Yredelemnul
Zin


Innate Abilities, Weirdness & Mutations

You are small and have problems with some larger weapons.
You are completely attuned to the shadows.
You have large cloven feet.
Your spells are a little harder to cast, but a little more powerful.


Message History

The orc priest misses you. The shadow imp barely misses you.
You hit the orc priest but do no damage.
You kick the orc priest.
The orc priest is heavily wounded.
The shadow imp hits you but does no damage.
The orc priest barely misses you.
You hit the orc priest.
You kick the orc priest, but do no damage.
The orc priest is almost dead.
You hit the orc priest but do no damage.
You kick the orc priest, but do no damage.
The orc priest is almost dead.
The orc priest misses you. The shadow imp closely misses you.
The orc priest mumbles some strange prayers to Beogh against you.
Beogh smites you!
You hit the orc priest but do no damage.
You kick the orc priest, but do no damage.
The orc priest is almost dead.
The howler monkey hoots and howls with incredible vigour!
As you read the scroll of teleportation, it crumbles to dust.
You feel strangely unstable.
The howler monkey hoots and howls with incredible vigour!
The orc priest invokes the aid of Beogh against you.
Beogh smites you!
* * * LOW HITPOINT WARNING * * *
The shadow imp misses you.
It was a potion of heal wounds.
You feel much better. The orc priest barely misses you.
The shadow imp closely misses you.
You hit the orc priest but do no damage.
You kick the orc priest, but do no damage.
The orc priest is almost dead.
The orc priest invokes the aid of Beogh against you.
Beogh smites you!
* * * LOW HITPOINT WARNING * * *
The shadow imp gestures at you. Pain shoots through your body!
* * * LOW HITPOINT WARNING * * *
The orc priest mumbles some strange prayers to Beogh against you.
Beogh smites you!
You die...

##'## ##...##
##.....##
.#####.......##
..o...........####.
h..o..........'....
.###{h........####.
#o#h......##
#@##.....##
#5###...## #.#
##'## ..# #.# ..#
#.# ...


You could see a howler monkey (catching breath), 2 orc priests and a shadow imp.

Vanquished Creatures
  Grinder (D:6)
  Sigmund (D:6)
  The ghost of 2tc the Summoner, an amateur TeSu of Zin (D:3)
  2 water moccasins
  3 orc warriors
  2 black bears (D:7)
  2 ice beasts (D:5)
  2 ogres (D:5)
  A phantom (D:7)
  A centaur (D:5)
  A kobold brigand (D:6)
  2 necrophages
  4 scorpions
  3 killer bees (D:5)
  2 electric eels (D:7)
  4 orc priests
  2 hounds
  A jelly (D:5)
  An iguana (D:5)
  5 orc wizards
  A gnoll (D:6)
  7 adders
  A white imp (D:5)
  4 ufetubi
  4 dart slugs
  15 orcs
  5 bats
  8 endoplasms
  3 giant cockroaches
  8 goblins
  4 hobgoblins
  4 jackals (D:2)
  8 kobolds
  3 quokkas
  3 ball pythons
  4 frilled lizards
  4 rats
  A spectral orc (D:3)
128 creatures vanquished.

Vanquished Creatures (collateral kills)
  Prince Ribbit (D:6)
  A hound (D:6)
  2 gnolls (D:6)
  2 orcs
6 creatures vanquished.

Vanquished Creatures (others)
  A centaur (D:5)
  A gnoll sergeant (D:6)
  An orc wizard (D:3)
  An adder (D:3)
  An ufetubus (D:6)
  3 orcs
  A kobold (D:3)
9 creatures vanquished.

Grand Total: 143 creatures vanquished

Notes
Turn   | Place    | Note
-------+----------+-------------------------------------------
     0 | D:1      | Hanibal the Kobold Artificer began the quest for the Orb.
     0 | D:1      | Reached XP level 1. HP: 12/12 MP: 1/1
   143 | D:1      | Reached XP level 2. HP: 9/16 MP: 2/2
   437 | D:1      | Reached skill level 1 in Armour
   968 | D:1      | Found a faded altar of an unknown god.
  1396 | D:1      | Reached XP level 3. HP: 20/20 MP: 3/3
  1518 | D:2      | Reached skill level 1 in Short Blades
  1876 | D:2      | HP: 1/21 [poisoned by an adder]
  1878 | D:2      | Gained mutation: You have sharp fingernails. [potion of
                  | mutation]
  1878 | D:2      | Gained mutation: You have hidden genetic defects. [potion
                  | of mutation]
  1878 | D:2      | Gained mutation: You are weak. (Str -2) [potion of
                  | mutation]
  1912 | D:2      | Gained mutation: You are frail. (-10% HP) [hidden defects]
  2183 | D:2      | Lost mutation: You have sharp fingernails. [potion of
                  | mutation]
  2183 | D:2      | Lost mutation: You are frail. (-10% HP) [potion of
                  | mutation]
  2183 | D:2      | Lost mutation: You have hidden genetic defects. [potion of
                  | mutation]
  2183 | D:2      | Gained mutation: You are resistant to electric shocks.
                  | (rElec) [potion of mutation]
  2183 | D:2      | Gained mutation: Your spells are a little harder to cast,
                  | but a little more powerful. [potion of mutation]
  2257 | D:2      | Reached XP level 4. HP: 18/26 MP: 4/4
  2656 | D:2      | Lost mutation: Your spells are a little harder to cast, but
                  | a little more powerful. [potion of mutation]
  2656 | D:2      | Lost mutation: You are resistant to electric shocks.
                  | (rElec) [potion of mutation]
  2656 | D:2      | Lost mutation: You are weak. (Str -2) [potion of mutation]
  2656 | D:2      | Gained mutation: You have large cloven feet. [potion of
                  | mutation]
  2656 | D:2      | Gained mutation: Your spells are a little harder to cast,
                  | but a little more powerful. [potion of mutation]
  3024 | D:3      | Reached XP level 5. HP: 13/30 MP: 5/5
  3211 | D:3      | Found a hide-covered altar of Uskayaw.
  3401 | D:3      | Found a runed translucent gate.
  3403 | D:3      | Found a runed translucent gate.
  3403 | D:3      | Found an opulent altar of Gozag.
  3404 | D:3      | Found a runed translucent gate.
  3409 | D:3      | Noticed 2tc's ghost (amateur TeSu)
  3692 | D:3      | Killed 2tc's ghost
  3693 | D:3      | Reached XP level 6. HP: 36/36 MP: 6/6
  3891 | D:3      | Identified the +2 dagger "Mebbu" {freeze, *Slow rF+ rC+
                  | Dex+3}
  4026 | D:3      | Found a broken altar of Ashenzari.
  4297 | D:3      | Found a basalt altar of Yredelemnul.
  5007 | D:4      | Reached XP level 7. HP: 37/41 MP: 7/7
  5160 | D:4      | Found a shadowy altar of Dithmenos.
  5203 | D:4      | Reached skill level 5 in Evocations
  5697 | D:4      | Found a stormy altar of Qazlal.
  6121 | D:4      | Found a shimmering blue altar of Sif Muna.
  6195 | D:5      | Entered Level 5 of the Dungeon
  6490 | D:5      | Reached skill level 5 in Stealth
  6508 | D:5      | Found an ancient bone altar of Kikubaaqudgha.
  6575 | D:5      | Reached XP level 8. HP: 48/48 MP: 8/8
  6583 | D:5      | Reached skill level 5 in Dodging
  6654 | D:5      | HP: 3/72 [poisoned by a water moccasin]
  6659 | D:5      | HP: 1/72 [poisoned by a water moccasin]
  6995 | D:5      | Identified the +4 leather armour "Tipul" {rPois rN+}
  7057 | D:5      | Reached skill level 5 in Short Blades
  7425 | D:5      | Reached XP level 9. HP: 47/53 MP: 9/9
  7554 | D:5      | Found a staircase to the Ecumenical Temple.
  7563 | Temple   | Entered the Ecumenical Temple
  7734 | D:5      | Reached skill level 5 in Fighting
  8132 | D:6      | Found a burning altar of Makhleb.
  8133 | D:6      | Found a glowing silver altar of Zin.
  8134 | D:6      | Noticed a green death
  8134 | D:6      | Noticed an angel
  8163 | D:6      | Found an opulent altar of Gozag.
  8195 | D:6      | Noticed Prince Ribbit
  8224 | D:6      | Killed Prince Ribbit
  8471 | D:6      | Noticed Sigmund
  8475 | D:6      | Killed Sigmund
  8874 | D:6      | Found a hazy altar of Hepliaklqana.
  8970 | D:6      | Noticed Grinder
  8991 | D:6      | Killed Grinder
  9628 | D:6      | Reached XP level 10. HP: 55/60 MP: 10/10
 10307 | D:7      | Killed from afar by an orc priest

Illustrated notes

Levels and vault maps discovered:
D:1:      wander_arrival_peaceful_grave, layout_basic,
          hellmonk_ecumenical_altar_leap_of_faith, minmay_distorted
D:2:      layout_basic
D:3:      layout_basic, mainiacjoe_overflow_surrounded_room,
          yredelemnul_forgotten_temple_becter, old_standard_altar,
          ebering_ghost_gozag
D:4:      layout_cave_pods, grunt_dithmenos_smoke_and_mirrors,
          lemuel_tele_altar, kennysheep_mini_moat, hangedman_feature_mirror
D:5:      layout_loops_corners, amcnicky_altar_gilded, minmay_temple_entry_wispy
D:6:      layout_loops_ring, grunt_temple_overflow_order_and_chaos_2,
          mainiacjoe_overflow_catwalk, grunt_gozag_breadcrumbs, uniq_sigmund,
          uniq_grinder, uniq_prince_ribbit1
D:7:      layout_loops_corners, kennysheep_boxes
Temple:   ebering_the_one_and_only

Skill      XL: |  1  2  3  4  5  6  7  8  9 10 |
---------------+-------------------------------+-----
Armour         | 1 2 |  2.0
Stealth        | 2 3 4 5 6 8 |  8.6
Short Blades   | 1 2 3 4 5 7 |  7.7
Evocations     | 4 5 6 7 8 |  8.0
Fighting       | 2 3 4 6 |  6.5
Dodging        | 3 4 5 7 |  7.5

Action                   |  1- 3 |  4- 6 |  7- 9 | 10-12 || total
-------------------------+-------+-------+-------+-------++-------
Melee: Club              |    54 |       |       |       ||    54
       Dagger            |    60 |   131 |   312 |    90 ||   593
       Short sword       |    31 |    63 |       |       ||    94
       Kick              |       |    56 |   107 |    38 ||   201
       Punch             |       |       |     2 |     1 ||     3
Evoke: Wand              |     2 |     9 |    23 |     3 ||    37
  Use: Potion            |     6 |     1 |     2 |     1 ||    10
       Scroll            |       |       |     3 |     1 ||     4
 Stab: Sleeping          |    11 |     5 |    21 |     1 ||    38
Armor: Leather armour    |    55 |    22 |    47 |    24 ||   148
       Ring mail         |       |    82 |    38 |       ||   120
Dodge: Dodged            |   134 |   133 |   211 |    52 ||   530

Table legend: (Time is in decaauts)
 A = Elapsed time spent in this place.
 B = Non-inter-level travel time spent in this place.
 C = Inter-level travel time spent in this place.
 D = Time resting spent in this place.
 E = Time spent auto-exploring this place.
 F = Levels seen in this place.
 G = Mean time per level.
                   A        B        C        D        E       F      G
               +--------+--------+--------+--------+--------+-----+--------+
         Total |  10186 |   9965 |    221 |   1109 |   7363 |   8 | 1273.2 |
       Dungeon |  10175 |   9954 |    221 |   1109 |   7363 |   7 | 1453.6 |
        Temple |     11 |     11 |      0 |      0 |      0 |   1 |   11.0 |
               +--------+--------+--------+--------+--------+-----+--------+

Top non-repeatable levels by time:
     D:3: 1918 daAuts
     D:5: 1799 daAuts
     D:6: 1518 daAuts
     D:1: 1458 daAuts
     D:4: 1430 daAuts
     D:2: 1377 daAuts
     D:7: 671 daAuts
  Temple: 11 daAuts
